 Dungeon Crawl Stone Soup version 0.29.1-1-gd02db6906a (webtiles) character file.

Game seed: 17759408769882022871

340 Senryu the Sneak (level 6, -4/56 HPs)
             Began as a Hill Orc Brigand on Sept 16, 2022.
             Was a Follower of Vehumet.
             Slain by an orc warrior
             ... wielding a +0 long sword
              (8 damage)
             ... on level 5 of the Dungeon.
             The game lasted 00:25:09 (5439 turns).

Senryu the Sneak (Hill Orc Brigand)                 Turns: 5439, Time: 00:25:10

Health: -4/56      AC:  4    Str: 14 (15) XL:     6   Next: 56%
Magic:  7/7        EV: 12    Int: 15      God:    Vehumet [*.....]
Gold:   71         SH:  0    Dex: 10 (11) Spells: 5/6 levels left

rFire   + . .      SeeInvis .   p - +0 dagger (venom)
rCold   + . .      Faith    .   (no shield)
rNeg    . . .      Spirit   .   b - +0 robe
rPois   .          Reflect  .   (no helmet)
rElec   .          Harm     .   c - +1 cloak
rCorr   .          Rampage  .   (no gloves)
Will    .....                   (no boots)
Stlth   ++........              (no amulet)
HPRegen 0.18/turn               n - ring of protection from cold
MPRegen 0.10/turn               g - ring of wizardry

@: about to teleport
A: clever 1, deterioration 1, fire resistance 1, robust 1
a: Renounce Religion


You were on level 5 of the Dungeon.
You worshipped Vehumet.
Vehumet was aware of your devotion.
You visited 1 branch of the dungeon, and saw 5 of its levels.

You collected 280 gold pieces.
You spent 209 gold pieces at shops.

Inventory:

Hand Weapons
 p - a +0 dagger of venom (weapon)
 u - a +0 shortbow
Missiles
 e - 3 curare-tipped darts (quivered)
 l - a throwing net
Armour
 b - a +0 robe (worn)
 c - a +1 cloak (worn)
Jewellery
 g - a ring of wizardry (right hand)
 h - a ring of ice
 n - a ring of protection from cold (left hand)
Wands
 f - a wand of flame (10)
Scrolls
 o - a scroll of amnesia
Potions
 i - a potion of resistance {unknown}
 k - a potion of haste {unknown}
 s - a potion of lignification
 v - a potion of degeneration {unknown}


   Skills:
 * Level 3.3 Fighting
 * Level 2.7(2.8) Short Blades
 - Level 0.5(2.0) Long Blades
 + Level 0.6 Staves
 * Level 2.7 Throwing
 * Level 1.5 Armour
 * Level 1.8 Dodging
 * Level 4.6 Stealth
 * Level 0.7 Spellcasting
 * Level 0.5 Ice Magic
 * Level 1.1 Evocations


You had 5 spell levels left.
You knew the following spells:

 Your Spells              Type           Power      Damage    Failure   Level
a - Freeze                Ice            8%         1d3       9%          1

Your spell library contained the following spells:

 Spells                   Type           Power      Damage    Failure   Level


Dungeon Overview and Level Annotations

Branches:
Dungeon (5/15)
 Temple: D:4-7

Altars:
Trog
Vehumet

Shops:
D:2 *   D:3 =   D:4 :

Portals:
Sewer: D:5


Innate Abilities, Weirdness & Mutations

Your mind is acute. (Int +4, Str/Dex -1)
Your body sometimes deteriorates upon taking damage.
Your flesh is heat resistant. (rF+)
You are robust. (+10% HP)


Message History

The arrow hits you!
* * * LOW HITPOINT WARNING * * *
The white imp hits you but does no damage.
The centaur barely misses you. The centaur kicks you.
* * * LOW HITPOINT WARNING * * *
You feel much better. The centaur hits you. The centaur barely misses you.
The white imp hits you. The white imp freezes you. You resist.
As you read the scroll of teleportation, it crumbles to dust.
You feel strangely unstable. The centaur hits you. The centaur misses you.
The white imp hits you.
* * * LOW HITPOINT WARNING * * *
The white imp freezes you. You resist.
* * * LOW HITPOINT WARNING * * *
The centaur closely misses you.
The centaur kicks you but does no damage.
Really read the scroll of poison?
The air fills with toxic fumes!
As you read the scroll of poison, it crumbles to dust.
The centaur shoots an arrow.
The arrow misses you.
The arrow hits the white imp.
The white imp dies!
The centaur barely misses you. The centaur closely misses you.
The centaur shoots an arrow.
The arrow hits you!
* * * LOW HITPOINT WARNING * * *
You feel much better.
You hear the slow rusting of a drain.
The centaur hits you but does no damage.
The centaur kicks you.
The giant cockroach waves its antennae.
The orc warrior hits you with a +0 long sword!
* * * LOW HITPOINT WARNING * * *
Your body deteriorates!
You feel clumsy. The centaur barely misses you.
The centaur kicks you but does no damage.
You kill the centaur!
Vehumet accepts your kill.
The centaur shoots an arrow.
The arrow hits you!
* * * LOW HITPOINT WARNING * * *
The orc warrior hits you with a +0 long sword!
You die...

,,,,,,,,,,,,,,,,,,,,,,,*****
,*******................,,,******
,,* *.$..#######....#**,,,,,,,
*,** *#...#~~~~~#...#* ********
*,,* *#..'~~∩~~#..#* **,,,,,
**,** *#.#~~BB~#.#* ****,,****
*,,* #B#######§####,,,,** **,*
#§S§c§§§§§§§§§,******** *,*
****#§@§§§§§##******,,, *,##**
#####)o§§§§§§,,,,,,,** *,...#**
#.b.§.§§§§§§§,,,,****
***#...###5###§#§§§§§§,,,,*
**#.....###§§§§§§§§,,,,*
****#....##.§§§§§§§§§,,,,*
*...<.#.....#§#.§§§§§,,,,*
**.###*###...#§#.§§§§§,,,,*
*,,,,,**#..#o#......#.***,* *


You could see an orc warrior, a centaur (reflecting), an adder and 3 giant
cockroaches.

Vanquished Creatures
  A centaur (D:5)
  A scorpion (D:4)
  An orc priest (D:3)
  A jelly (D:4)
  Natasha (thrice) (D:3)
  3 gnolls (D:2)
  An adder (D:3)
  2 ufetubi
  4 worms (D:2)
  3 dart slugs
  6 orcs
  9 ball pythons
  An endoplasm (D:1)
  5 giant cockroaches
  2 goblins
  4 hobgoblins
  3 jackals (D:3)
  10 kobolds
  A quokka (D:2)
  4 bats
  4 frilled lizards
  8 rats
77 creatures vanquished.

Vanquished Creatures (others)
  A white imp (D:5)
1 creature vanquished.

Grand Total: 78 creatures vanquished

Notes
Turn   | Place    | Note
-------+----------+-------------------------------------------
     0 | D:1      | Senryu the Hill Orc Brigand began the quest for the Orb.
     0 | D:1      | Reached XP level 1. HP: 18/18 MP: 1/1
   421 | D:4      | Reached XP level 2. HP: 22/25 MP: 2/2
   598 | D:4      | Noticed a scorpion
   615 | D:4      | Killed a scorpion
   616 | D:4      | Reached skill level 1 in Dodging
   616 | D:4      | Reached skill level 4 in Stealth
   616 | D:4      | Reached XP level 3. HP: 11/30 MP: 3/3
   616 | D:4      | Reached XP level 4. HP: 14/37 MP: 4/4
   839 | D:4      | Reached skill level 1 in Armour
  1438 | D:4      | Found Otwoinwo's Self-Improvement Boutique.
  1478 | D:4      | Found a radiant altar of Vehumet.
  1688 | D:4      | Found a bloodstained altar of Trog.
  1822 | D:4      | Became a worshipper of Vehumet
  1941 | D:3      | Noticed Natasha
  1946 | D:3      | Reached XP level 5. HP: 45/45 MP: 5/5
  1952 | D:3      | Killed Natasha
  1984 | D:3      | Noticed Natasha
  1991 | D:3      | Killed Natasha
  2255 | D:3      | Found Wooliaqu's Jewellery Shop.
  2736 | D:3      | Reached * piety under Vehumet
  2736 | D:3      | Offered knowledge of Freeze by Vehumet.
  2743 | D:3      | Learned a level 1 spell: Freeze
  2988 | D:3      | Noticed Natasha
  2996 | D:3      | Killed Natasha
  2997 | D:3      | Reached XP level 6. HP: 44/51 MP: 1/6
  4117 | D:2      | Found Hilelar's General Store.
  4205 | D:2      | Bought a potion of lignification for 33 gold pieces
  4205 | D:2      | Bought a potion of heal wounds for 55 gold pieces
  4205 | D:2      | Bought a potion of mutation for 88 gold pieces
  4205 | D:2      | Bought a +0 shortbow for 33 gold pieces
  4312 | D:2      | Found a faded altar of an unknown god.
  4352 | D:2      | Reached skill level 1 in Evocations
  5386 | D:5      | Entered Level 5 of the Dungeon
  5394 | D:5      | Noticed an orc warrior
  5408 | D:5      | Found a glowing drain.
  5414 | D:5      | Gained mutation: Your body sometimes deteriorates upon
                  | taking damage. [potion of mutation]
  5414 | D:5      | Gained mutation: Your mind is acute. (Int +4, Str/Dex -1)
                  | [potion of mutation]
  5414 | D:5      | Gained mutation: You are robust. (+10% HP) [potion of
                  | mutation]
  5414 | D:5      | Gained mutation: Your flesh is heat resistant. (rF+)
                  | [potion of mutation]
  5437 | D:5      | HP: 1/56 [centaur/arrow (15)]
  5439 | D:5      | Slain by an orc warrior

Illustrated notes

Levels and vault maps discovered:
D:1:      nagdon_arrival_zigzag_paths, layout_loops_ring, minmay_tetromino_l4
D:2:      layout_loops_corners, serial_shops, shop_fountains,
          ebering_ecumenical_altar_rust
D:3:      layout_loops_corners, serial_shops, shop, uniq_natasha
D:4:      layout_layer_cave, vehumet_altar_wand_db,
          mainiacjoe_overflow_tiny_flanked, grunt_decor_arrowhead,
          nicolae_shop_self_help
D:5:      layout_rooms, gup_sewer_entry_glass

Skill      XL: |  1  2  3  4  5  6 |
---------------+-------------------+-----
Throwing       | 2 |  2.7
Dodging        | 1 |  1.8
Stealth        | 4 |  4.6
Fighting       | 3 |  3.3
Armour         | 1 |  1.5
Evocations     | 1 |  1.1
Short Blades   | |  2.7
Long Blades    | |  0.5
Staves         | |  0.6
Spellcasting   | |  0.7
Ice Magic      | |  0.5

Action                   |  1- 3 |  4- 6 || total
-------------------------+-------+-------++-------
Melee: Dagger            |    44 |   137 ||   181
       Lajatang          |       |    33 ||    33
       Punch             |       |     3 ||     3
 Fire: Shortbow          |       |     5 ||     5
Throw: Dart              |    10 |    52 ||    62
 Cast: Freeze            |       |    30 ||    30
Evoke: Wand              |       |    11 ||    11
  Use: Scroll            |     3 |    12 ||    15
       Potion            |     1 |     8 ||     9
 Stab: Sleeping          |     1 |    11 ||    12
Armor: Robe              |    15 |    57 ||    72
Dodge: Dodged            |    34 |   154 ||   188
